Workbook

Sheet Memorial de Cálculo
A1: MEMÓRIA DE CÁLCULO
A2: Objetivo | B2: Ampliação do Sistema de Esgotamento Sanitário
A3: Obras | B3: Construção de Rede Interceptora no Município de Sacramento/MG
A4: Bancos | B4: SINAPI - 03/2026 - Minas Gerais, SICRO3 - 01/2026 - Minas Gerais | G4: BDI | H4: 0.2085 | I4: Valor | J4: ='Orçamento Sintético'!J4 -> 898894.57
A5: Item | B5: Código | C5: Banco | D5: Descrição | E5: Und | F5: Quant. | G5: Valor Unit | H5: Valor Unit com BDI | I5: Total | J5: Peso (%)
A6: 1 | D6: SERVIÇOS PRELIMINARES | F6: 1 | H6: 71193.88 | I6: 71193.88 | J6: 0.079202278
A7: 1.1 | B7: 103689 | C7: SINAPI | D7: FORNECIMENTO E INSTALAÇÃO DE PLACA DE OBRA COM CHAPA GALVANIZADA E ESTRUTURA DE MADEIRA. AF_03/2022_PS | E7: m² | F7: 6.48 | G7: 362.93 | H7: 438.6 | I7: 2842.12 | J7: 0.003161822
A8: Local | D8: Descrição | E8: Fórmula | I8: Quantidade
A9: SERVIÇOS PRELIMINARES | E9: Área = (3,6m)*(1,8m) = 6,48 m² | I9: 6.48
A10: 1.2 | B10: COMP01 | C10: Próprio | D10: ADMINISTRAÇÃO LOCAL | E10: MÊS | F10: 3 | G10: 18853.06 | H10: 22783.92 | I10: 68351.76 | J10: 0.076040456
A11: Local | D11: Descrição | E11: Fórmula | I11: Quantidade
A12: SERVIÇOS PRELIMINARES | E12: Engenheiro = 8h semanais x 4 semanas = 32 h/mês | I12: 3
E13: base de cálculo 220 h/mês - 32/220 = 0,14545 h/mês
E14: Engenheiro = 0,14545 * 3 Meses = 0,43636
E15: Mestre de obras = 3 meses
A16: 2 | D16: REDE INTERCEPTORA | F16: 1 | H16: 827692.89 | I16: 827692.89 | J16: 0.92079772
A17: 2.1 | B17: 102322 | C17: SINAPI | D17: ESCAVAÇÃO MECANIZADA DE VALA COM PROF. ATÉ 1,5 M (MÉDIA MONTANTE E JUSANTE/UMA COMPOSIÇÃO POR TRECHO), RETROESCAV. (0,26 M3), LARG. MENOR QUE 0,8 M, EM SOLO DE 2A CATEGORIA, EM LOCAIS COM ALTO NÍVEL DE INTERFERÊNCIA. AF_09/2024 | E17: m³ | F17: 2592.36 | G17: 21.7 | H17: 26.22 | I17: 67971.67 | J17: 0.075617611
A18: Local | D18: Descrição | E18: Fórmula | I18: Quantidade
A19: REDE INTERCEPTORA | E19: Escavação trecho = ((2,5+1,6)/2*80+(3,1+2,5)/2*80+(3,3+3,1)/2*80+(3,34*75)+(3,77+3,37)/2*60+(3,83* 60)+(4,07+3,87)/2*60+(4,08*65)+(4,1+3,86)/2*80)*1,20 | I19: 2592.36
A20: 2.2 | B20: 101616 | C20: SINAPI | D20: PREPARO DE FUNDO DE VALA COM LARGURA MENOR QUE 1,5 M (ACERTO DO SOLO NATURAL), EM LOCAL COM NÍVEL BAIXO DE INTERFERÊNCIA. AF_01/2026 | E20: m² | F20: 768 | G20: 8.33 | H20: 10.06 | I20: 7726.08 | J20: 0.0085951649
A21: Local | D21: Descrição | E21: Fórmula | I21: Quantidade
A22: REDE INTERCEPTORA | E22: (80+80+80+75+60+60+60+65+80) * 1,20 | I22: 768
A23: 2.3 | B23: 93378 | C23: SINAPI | D23: REATERRO MECANIZADO DE VALA COM RETROESCAVADEIRA (CAPACIDADE DA CAÇAMBA DA RETRO: 0,26 M³/POTÊNCIA: 88 HP), LARGURA ATÉ 0,8 M, PROFUNDIDADE ATÉ 1,5 M, COM SOLO (SEM SUBSTITUIÇÃO) DE 1ª CATEGORIA, COM COMPACTADOR DE SOLOS DE PERCUSSÃO. AF_08/2023 | E23: m³ | F23: 2411.5 | G23: 27.77 | H23: 33.56 | I23: 80929.94 | J23: 0.09003352
A24: Local | D24: Descrição | E24: Fórmula | I24: Quantidade
A25: REDE INTERCEPTORA | E25: 2.592,36 - ((1.140,0 * 0,30^2 * ¶) | I25: 2411.5
A26: 2.4 | B26: 90708 | C26: SINAPI | D26: TUBO DE PEAD CORRUGADO DE DUPLA PAREDE PARA REDE COLETORA DE ESGOTO, DN 600 MM, JUNTA ELÁSTICA INTEGRADA - FORNECIMENTO E ASSENTAMENTO. AF_01/2021 | E26: M | F26: 640 | G26: 777.32 | H26: 939.39 | I26: 601209.6 | J26: 0.66883797
A27: Local | D27: Descrição | E27: Fórmula | I27: Quantidade
A28: REDE INTERCEPTORA | E28: Metragem linear retirada em projeto | I28: 640
A29: 2.5 | B29: 98008 | C29: SINAPI | D29: BASE PARA POÇO DE VISITA RETANGULAR PARA ESGOTO, EM ALVENARIA COM BLOCOS DE CONCRETO, DIMENSÕES INTERNAS = 1,5X1,5 M, PROFUNDIDADE = 1,45 M, EXCLUINDO TAMPÃO . AF_12/2020 | E29: UN | F29: 10 | G29: 4569.95 | H29: 5522.78 | I29: 55227.8 | J29: 0.061440219
A30: Local | D30: Descrição | E30: Fórmula | I30: Quantidade
A31: REDE INTERCEPTORA | E31: 10 | I31: 10
A32: 2.6 | B32: 97975 | C32: SINAPI | D32: POÇO DE INSPEÇÃO CIRCULAR PARA ESGOTO, EM CONCRETO PRÉ-MOLDADO, DIÂMETRO INTERNO = 0,60 M, PROFUNDIDADE = 1,40 M, EXCLUINDO TAMPÃO. AF_12/2020 | E32: UN | F32: 10 | G32: 680.09 | H32: 821.88 | I32: 8218.8 | J32: 0.0091433096
A33: Local | D33: Descrição | E33: Fórmula | I33: Quantidade
A34: REDE INTERCEPTORA | E34: 10 | I34: 10
A35: 2.7 | B35: 98114 | C35: SINAPI | D35: TAMPA CIRCULAR PARA ESGOTO E DRENAGEM, EM FERRO FUNDIDO, DIÂMETRO INTERNO = 0,6 M. AF_12/2020 | E35: UN | F35: 10 | G35: 530.33 | H35: 640.9 | I35: 6409 | J35: 0.0071299303
A36: Local | D36: Descrição | E36: Fórmula | I36: Quantidade
A37: REDE INTERCEPTORA | E37: 10 | I37: 10

Sheet CPUs
A1: COMPOSIÇÃO DE PREÇO UNITÁRIO
A2: Objetivo | B2: Ampliação do Sistema de Esgotamento Sanitário
A3: Obras | B3: Construção de Rede Interceptora no Município de Sacramento/MG
A4: Bancos | B4: SINAPI - 03/2026 - Minas Gerais, SICRO3 - 01/2026 - Minas Gerais | G4: BDI | H4: 0.2085 | I4: Valor | J4: ='Orçamento Sintético'!J4 -> 898894.57
A5: 1.1 | B5: Código | C5: Banco | D5: Descrição | E5: Tipo | G5: Und | H5: Quant. | I5: Valor Unit | J5: Total
A6: Composição | B6: 103689 | C6: SINAPI | D6: FORNECIMENTO E INSTALAÇÃO DE PLACA DE OBRA COM CHAPA GALVANIZADA E ESTRUTURA DE MADEIRA. AF_03/2022_PS | E6: Sinalização Vertical Viária | G6: m² | H6: 1 | I6: 362.93 | J6: 362.93
A7: Composição Auxiliar | B7: 102234 | C7: SINAPI | D7: PINTURA IMUNIZANTE PARA MADEIRA, 2 DEMÃOS. AF_01/2021 | E7: Pintura em Madeira | G7: m² | H7: 0.5 | I7: 23.33 | J7: 11.66
A8: Composição Auxiliar | B8: 88316 | C8: SINAPI | D8: SERVENTE COM ENCARGOS COMPLEMENTARES | E8: Livro SINAPI: Cálculos e Parâmetros | G8: H | H8: 1.1186 | I8: 23.58 | J8: 26.37
A9: Composição Auxiliar | B9: 88262 | C9: SINAPI | D9: CARPINTEIRO DE FORMAS COM ENCARGOS COMPLEMENTARES | E9: Livro SINAPI: Cálculos e Parâmetros | G9: H | H9: 0.3729 | I9: 30.96 | J9: 11.54
A10: Insumo | B10: 00005065 | C10: SINAPI | D10: PREGO DE ACO POLIDO COM CABECA 10 X 10 (7/8 X 17) | E10: Material | G10: KG | H10: 0.0113 | I10: 33.42 | J10: 0.37
A11: Insumo | B11: 00005069 | C11: SINAPI | D11: PREGO DE ACO POLIDO COM CABECA 17 X 27 (2 1/2 X 11) | E11: Material | G11: KG | H11: 0.0132 | I11: 17.9 | J11: 0.23
A12: Insumo | B12: 00004509 | C12: SINAPI | D12: SARRAFO *2,5 X 10* CM EM PINUS, MISTA OU EQUIVALENTE DA REGIAO - BRUTA | E12: Material | G12: M | H12: 3.2083 | I12: 3.98 | J12: 12.76
A13: Insumo | B13: 00004813 | C13: SINAPI | D13: PLACA DE OBRA (PARA CONSTRUCAO CIVIL) EM CHAPA GALVANIZADA *N. 22*, ADESIVADA, DE *2,4 X 1,2* M (SEM POSTES PARA FIXACAO) | E13: Material | G13: m² | H13: 1 | I13: 300 | J13: 300
E14: MO sem LS => | F14: 32.89 | G14: LS => | H14: 0 | I14: MO com LS => | J14: 32.89
E15: Valor do BDI => | F15: 75.67 | H15: Valor com BDI => | J15: 438.6
A17: 1.2 | B17: Código | C17: Banco | D17: Descrição | E17: Tipo | G17: Und | H17: Quant. | I17: Valor Unit | J17: Total
A18: Composição | B18: COMP01 | C18: Próprio | D18: ADMINISTRAÇÃO LOCAL | G18: MÊS | H18: 1 | I18: 18853.06 | J18: 18853.06
A19: Composição Auxiliar | B19: 93565 | C19: SINAPI | D19: ENGENHEIRO CIVIL DE OBRA JUNIOR COM ENCARGOS COMPLEMENTARES | E19: Livro SINAPI: Cálculos e Parâmetros | G19: MES | H19: 0.145 | I19: 23029.46 | J19: 3339.27
A20: Composição Auxiliar | B20: 94295 | C20: SINAPI | D20: MESTRE DE OBRAS COM ENCARGOS COMPLEMENTARES | E20: Livro SINAPI: Cálculos e Parâmetros | G20: MES | H20: 1 | I20: 15513.79 | J20: 15513.79
E21: MO sem LS => | F21: 17667.83 | G21: LS => | H21: 0 | I21: MO com LS => | J21: 17667.83
E22: Valor do BDI => | F22: 3930.86 | H22: Valor com BDI => | J22: 22783.92
A25: 2.1 | B25: Código | C25: Banco | D25: Descrição | E25: Tipo | G25: Und | H25: Quant. | I25: Valor Unit | J25: Total
A26: Composição | B26: 102322 | C26: SINAPI | D26: ESCAVAÇÃO MECANIZADA DE VALA COM PROF. ATÉ 1,5 M (MÉDIA MONTANTE E JUSANTE/UMA COMPOSIÇÃO POR TRECHO), RETROESCAV. (0,26 M3), LARG. MENOR QUE 0,8 M, EM SOLO DE 2A CATEGORIA, EM LOCAIS COM ALTO NÍVEL DE INTERFERÊNCIA. AF_09/2024 | E26: Escavação de Valas | G26: m³ | H26: 1 | I26: 21.7 | J26: 21.7
A27: Composição Auxiliar | B27: 5678 | C27: SINAPI | D27: RETROESCAVADEIRA SOBRE RODAS COM CARREGADEIRA, TRAÇÃO 4X4, POTÊNCIA LÍQ. 88 HP, CAÇAMBA CARREG. CAP. MÍN. 1 M3, CAÇAMBA RETRO CAP. 0,26 M3, PESO OPERACIONAL MÍN. 6.674 KG, PROFUNDIDADE ESCAVAÇÃO MÁX. 4,37 M - CHP DIURNO. AF_06/2014 | E27: Custos Horários Produtivo e Improdutivo dos Equipamentos | G27: CHP | H27: 0.0710257 | I27: 170.74 | J27: 12.12
A28: Composição Auxiliar | B28: 88316 | C28: SINAPI | D28: SERVENTE COM ENCARGOS COMPLEMENTARES | E28: Livro SINAPI: Cálculos e Parâmetros | G28: H | H28: 0.1511418 | I28: 23.58 | J28: 3.56
A29: Composição Auxiliar | B29: 5679 | C29: SINAPI | D29: RETROESCAVADEIRA SOBRE RODAS COM CARREGADEIRA, TRAÇÃO 4X4, POTÊNCIA LÍQ. 88 HP, CAÇAMBA CARREG. CAP. MÍN. 1 M3, CAÇAMBA RETRO CAP. 0,26 M3, PESO OPERACIONAL MÍN. 6.674 KG, PROFUNDIDADE ESCAVAÇÃO MÁX. 4,37 M - CHI DIURNO. AF_06/2014 | E29: Custos Horários Produtivo e Improdutivo dos Equipamentos | G29: CHI | H29: 0.0801162 | I29: 75.23 | J29: 6.02
E30: MO sem LS => | F30: 7.73 | G30: LS => | H30: 0 | I30: MO com LS => | J30: 7.73
E31: Valor do BDI => | F31: 4.52 | H31: Valor com BDI => | J31: 26.22
A33: 2.2 | B33: Código | C33: Banco | D33: Descrição | E33: Tipo | G33: Und | H33: Quant. | I33: Valor Unit | J33: Total
A34: Composição | B34: 101616 | C34: SINAPI | D34: PREPARO DE FUNDO DE VALA COM LARGURA MENOR QUE 1,5 M (ACERTO DO SOLO NATURAL), EM LOCAL COM NÍVEL BAIXO DE INTERFERÊNCIA. AF_01/2026 | E34: Escoramento e Preparo de Fundo de Valas | G34: m² | H34: 1 | I34: 8.33 | J34: 8.33
A35: Composição Auxiliar | B35: 88316 | C35: SINAPI | D35: SERVENTE COM ENCARGOS COMPLEMENTARES | E35: Livro SINAPI: Cálculos e Parâmetros | G35: H | H35: 0.191587 | I35: 23.58 | J35: 4.51
A36: Composição Auxiliar | B36: 88309 | C36: SINAPI | D36: PEDREIRO COM ENCARGOS COMPLEMENTARES | E36: Livro SINAPI: Cálculos e Parâmetros | G36: H | H36: 0.110919 | I36: 31.67 | J36: 3.51
A37: Composição Auxiliar | B37: 91533 | C37: SINAPI | D37: COMPACTADOR DE SOLOS DE PERCUSSÃO (SOQUETE) COM MOTOR A GASOLINA 4 TEMPOS, POTÊNCIA 4 CV - CHP DIURNO. AF_08/2015 | E37: Custos Horários Produtivo e Improdutivo dos Equipamentos | G37: CHP | H37: 0.006753 | I37: 46.05 | J37: 0.31
E38: MO sem LS => | F38: 6.06 | G38: LS => | H38: 0 | I38: MO com LS => | J38: 6.06
E39: Valor do BDI => | F39: 1.73 | H39: Valor com BDI => | J39: 10.06
A41: 2.3 | B41: Código | C41: Banco | D41: Descrição | E41: Tipo | G41: Und | H41: Quant. | I41: Valor Unit | J41: Total
A42: Composição | B42: 93378 | C42: SINAPI | D42: REATERRO MECANIZADO DE VALA COM RETROESCAVADEIRA (CAPACIDADE DA CAÇAMBA DA RETRO: 0,26 M³/POTÊNCIA: 88 HP), LARGURA ATÉ 0,8 M, PROFUNDIDADE ATÉ 1,5 M, COM SOLO (SEM SUBSTITUIÇÃO) DE 1ª CATEGORIA, COM COMPACTADOR DE SOLOS DE PERCUSSÃO. AF_08/2023 | E42: Aterro e Reaterro de Valas | G42: m³ | H42: 1 | I42: 27.77 | J42: 27.77
A43: Composição Auxiliar | B43: 88316 | C43: SINAPI | D43: SERVENTE COM ENCARGOS COMPLEMENTARES | E43: Livro SINAPI: Cálculos e Parâmetros | G43: H | H43: 0.0734 | I43: 23.58 | J43: 1.73
A44: Composição Auxiliar | B44: 5901 | C44: SINAPI | D44: CAMINHÃO PIPA 10.000 L TRUCADO, PESO BRUTO TOTAL 23.000 KG, CARGA ÚTIL MÁXIMA 15.935 KG, DISTÂNCIA ENTRE EIXOS 4,8 M, POTÊNCIA 230 CV, INCLUSIVE TANQUE DE AÇO PARA TRANSPORTE DE ÁGUA - CHP DIURNO. AF_06/2014 | E44: Custos Horários Produtivo e Improdutivo dos Equipamentos | G44: CHP | H44: 0.0054 | I44: 361.39 | J44: 1.95
A45: Composição Auxiliar | B45: 5678 | C45: SINAPI | D45: RETROESCAVADEIRA SOBRE RODAS COM CARREGADEIRA, TRAÇÃO 4X4, POTÊNCIA LÍQ. 88 HP, CAÇAMBA CARREG. CAP. MÍN. 1 M3, CAÇAMBA RETRO CAP. 0,26 M3, PESO OPERACIONAL MÍN. 6.674 KG, PROFUNDIDADE ESCAVAÇÃO MÁX. 4,37 M - CHP DIURNO. AF_06/2014 | E45: Custos Horários Produtivo e Improdutivo dos Equipamentos | G45: CHP | H45: 0.0538 | I45: 170.74 | J45: 9.18
A46: Composição Auxiliar | B46: 5679 | C46: SINAPI | D46: RETROESCAVADEIRA SOBRE RODAS COM CARREGADEIRA, TRAÇÃO 4X4, POTÊNCIA LÍQ. 88 HP, CAÇAMBA CARREG. CAP. MÍN. 1 M3, CAÇAMBA RETRO CAP. 0,26 M3, PESO OPERACIONAL MÍN. 6.674 KG, PROFUNDIDADE ESCAVAÇÃO MÁX. 4,37 M - CHI DIURNO. AF_06/2014 | E46: Custos Horários Produtivo e Improdutivo dos Equipamentos | G46: CHI | H46: 0.0777 | I46: 75.23 | J46: 5.84
A47: Composição Auxiliar | B47: 91533 | C47: SINAPI | D47: COMPACTADOR DE SOLOS DE PERCUSSÃO (SOQUETE) COM MOTOR A GASOLINA 4 TEMPOS, POTÊNCIA 4 CV - CHP DIURNO. AF_08/2015 | E47: Custos Horários Produtivo e Improdutivo dos Equipamentos | G47: CHP | H47: 0.1962 | I47: 46.05 | J47: 9.03
A48: Composição Auxiliar | B48: 5903 | C48: SINAPI | D48: CAMINHÃO PIPA 10.000 L TRUCADO, PESO BRUTO TOTAL 23.000 KG, CARGA ÚTIL MÁXIMA 15.935 KG, DISTÂNCIA ENTRE EIXOS 4,8 M, POTÊNCIA 230 CV, INCLUSIVE TANQUE DE AÇO PARA TRANSPORTE DE ÁGUA - CHI DIURNO. AF_06/2014 | E48: Custos Horários Produtivo e Improdutivo dos Equipamentos | G48: CHI | H48: 0.0006 | I48: 78.31 | J48: 0.04
E49: MO sem LS => | F49: 12.17 | G49: LS => | H49: 0 | I49: MO com LS => | J49: 12.17
E50: Valor do BDI => | F50: 5.79 | H50: Valor com BDI => | J50: 33.56
A52: 2.4 | B52: Código | C52: Banco | D52: Descrição | E52: Tipo | G52: Und | H52: Quant. | I52: Valor Unit | J52: Total
A53: Composição | B53: 90708 | C53: SINAPI | D53: TUBO DE PEAD CORRUGADO DE DUPLA PAREDE PARA REDE COLETORA DE ESGOTO, DN 600 MM, JUNTA ELÁSTICA INTEGRADA - FORNECIMENTO E ASSENTAMENTO. AF_01/2021 | E53: Assentamento de Tubos de Esgoto em PVC e PEAD | G53: M | H53: 1 | I53: 777.32 | J53: 777.32
A54: Composição Auxiliar | B54: 5631 | C54: SINAPI | D54: ESCAVADEIRA HIDRÁULICA SOBRE ESTEIRAS, CAÇAMBA 0,80 M3, PESO OPERACIONAL 17 T, POTENCIA BRUTA 111 HP - CHP DIURNO. AF_06/2014 | E54: Custos Horários Produtivo e Improdutivo dos Equipamentos | G54: CHP | H54: 0.0422 | I54: 227.32 | J54: 9.59
A55: Composição Auxiliar | B55: 5632 | C55: SINAPI | D55: ESCAVADEIRA HIDRÁULICA SOBRE ESTEIRAS, CAÇAMBA 0,80 M3, PESO OPERACIONAL 17 T, POTENCIA BRUTA 111 HP - CHI DIURNO. AF_06/2014 | E55: Custos Horários Produtivo e Improdutivo dos Equipamentos | G55: CHI | H55: 0.0262 | I55: 95.57 | J55: 2.5
A56: Composição Auxiliar | B56: 88316 | C56: SINAPI | D56: SERVENTE COM ENCARGOS COMPLEMENTARES | E56: Livro SINAPI: Cálculos e Parâmetros | G56: H | H56: 0.1301 | I56: 23.58 | J56: 3.06
A57: Composição Auxiliar | B57: 88246 | C57: SINAPI | D57: ASSENTADOR DE TUBOS COM ENCARGOS COMPLEMENTARES | E57: Livro SINAPI: Cálculos e Parâmetros | G57: H | H57: 0.1301 | I57: 24.68 | J57: 3.21
A58: Insumo | B58: 00020078 | C58: SINAPI | D58: PASTA LUBRIFICANTE PARA TUBOS E CONEXOES COM JUNTA ELASTICA, EMBALAGEM DE *400* GR (USO EM PVC, ACO, POLIETILENO E OUTROS) | E58: Material | G58: UN | H58: 0.0694 | I58: 30.17 | J58: 2.09
A59: Insumo | B59: 00041782 | C59: SINAPI | D59: TUBO CORRUGADO PEAD, PAREDE DUPLA, INTERNA LISA, JEI, DN/DI 600 MM, PARA SANEAMENTO (DRENAGEM/ESGOTO) | E59: Material | G59: M | H59: 1.05 | I59: 720.83 | J59: 756.87
E60: MO sem LS => | F60: 6.94 | G60: LS => | H60: 0 | I60: MO com LS => | J60: 6.94
E61: Valor do BDI => | F61: 162.07 | H61: Valor com BDI => | J61: 939.39
A63: 2.5 | B63: Código | C63: Banco | D63: Descrição | E63: Tipo | G63: Und | H63: Quant. | I63: Valor Unit | J63: Total
A64: Composição | B64: 98008 | C64: SINAPI | D64: BASE PARA POÇO DE VISITA RETANGULAR PARA ESGOTO, EM ALVENARIA COM BLOCOS DE CONCRETO, DIMENSÕES INTERNAS = 1,5X1,5 M, PROFUNDIDADE = 1,45 M, EXCLUINDO TAMPÃO . AF_12/2020 | E64: Poços de Visita e Caixas para Bocas de Lobo | G64: UN | H64: 1 | I64: 4569.95 | J64: 4569.95
A65: Composição Auxiliar | B65: 89993 | C65: SINAPI | D65: GRAUTEAMENTO VERTICAL EM ALVENARIA ESTRUTURAL. AF_09/2021 | E65: Graute e Armação | G65: m³ | H65: 0.0598 | I65: 1181.73 | J65: 70.66
A66: Composição Auxiliar | B66: 92767 | C66: SINAPI | D66: ARMAÇÃO DE LAJE DE ESTRUTURA CONVENCIONAL DE CONCRETO ARMADO UTILIZANDO AÇO CA-60 DE 4,2 MM - MONTAGEM. AF_06/2022 | E66: Armação para Estruturas de Concreto Armado | G66: KG | H66: 21.1024 | I66: 15.41 | J66: 325.18
A67: Composição Auxiliar | B67: 89998 | C67: SINAPI | D67: ARMAÇÃO DE CINTA DE ALVENARIA ESTRUTURAL; DIÂMETRO DE 10,0 MM. AF_09/2021 | E67: Graute e Armação | G67: KG | H67: 4.1956 | I67: 9.53 | J67: 39.98
A68: Composição Auxiliar | B68: 89996 | C68: SINAPI | D68: ARMAÇÃO VERTICAL DE ALVENARIA ESTRUTURAL; DIÂMETRO DE 10,0 MM. AF_09/2021 | E68: Graute e Armação | G68: KG | H68: 1.9744 | I68: 10.15 | J68: 20.04
A69: Composição Auxiliar | B69: 97738 | C69: SINAPI | D69: PEÇA CIRCULAR PRÉ-MOLDADA, VOLUME DE CONCRETO DE 10 A 30 LITROS, TAXA DE FIBRA DE POLIPROPILENO APROXIMADA DE 6 KG/M³. AF_03/2024_PS | E69: Estruturas Pré-Fabricadas e Pré-Moldadas | G69: m³ | H69: 0.0221 | I69: 4389.5 | J69: 97
A70: Composição Auxiliar | B70: 88316 | C70: SINAPI | D70: SERVENTE COM ENCARGOS COMPLEMENTARES | E70: Livro SINAPI: Cálculos e Parâmetros | G70: H | H70: 16.8114 | I70: 23.58 | J70: 396.41
A71: Composição Auxiliar | B71: 100475 | C71: SINAPI | D71: ARGAMASSA TRAÇO 1:3 (EM VOLUME DE CIMENTO E AREIA MÉDIA ÚMIDA) COM ADIÇÃO DE IMPERMEABILIZANTE, PREPARO MECÂNICO COM BETONEIRA 400 L. AF_08/2019 | E71: Argamassas | G71: m³ | H71: 0.6379 | I71: 798.93 | J71: 509.63
A72: Composição Auxiliar | B72: 89995 | C72: SINAPI | D72: GRAUTEAMENTO DE CINTA SUPERIOR OU DE VERGA EM ALVENARIA ESTRUTURAL. AF_09/2021 | E72: Graute e Armação | G72: m³ | H72: 0.1046 | I72: 1139.91 | J72: 119.23
A73: Composição Auxiliar | B73: 94970 | C73: SINAPI | D73: CONCRETO FCK = 20MPA, TRAÇO 1:2,7:3 (EM MASSA SECA DE CIMENTO/ AREIA MÉDIA/ BRITA 1) - PREPARO MECÂNICO COM BETONEIRA 600 L. AF_05/2021 | E73: Produção de Concreto | G73: m³ | H73: 0.795 | I73: 551.72 | J73: 438.61
A74: Composição Auxiliar | B74: 88309 | C74: SINAPI | D74: PEDREIRO COM ENCARGOS COMPLEMENTARES | E74: Livro SINAPI: Cálculos e Parâmetros | G74: H | H74: 21.3964 | I74: 31.67 | J74: 677.62
A75: Composição Auxiliar | B75: 101624 | C75: SINAPI | D75: PREPARO DE FUNDO DE VALA COM LARGURA MAIOR OU IGUAL A 1,5 M E MENOR QUE 2,5 M, COM CAMADA DE BRITA, LANÇAMENTO MECANIZADO. AF_01/2026 | E75: Escoramento e Preparo de Fundo de Valas | G75: m³ | H75: 0.9408 | I75: 281.06 | J75: 264.42
... A86: Insumo | B86: 00000660 | C86: SINAPI | D86: CANALETA DE CONCRETO 19 X 19 X 19 CM (CLASSE C - NBR 6136) | E86: Material | G86: UN | H86: 35.7 | I86: 3.71 | J86: 132.44
E87: MO sem LS => | F87: 1452.07 | G87: LS => | H87: 0 | I87: MO com LS => | J87: 1452.07
E88: Valor do BDI => | F88: 952.83 | H88: Valor com BDI => | J88: 5522.78
A90: 2.6 | B90: Código | C90: Banco | D90: Descrição | E90: Tipo | G90: Und | H90: Quant. | I90: Valor Unit | J90: Total
A91: Composição | B91: 97975 | C91: SINAPI | D91: POÇO DE INSPEÇÃO CIRCULAR PARA ESGOTO, EM CONCRETO PRÉ-MOLDADO, DIÂMETRO INTERNO = 0,60 M, PROFUNDIDADE = 1,40 M, EXCLUINDO TAMPÃO. AF_12/2020 | E91: Poços de Visita e Caixas para Bocas de Lobo | G91: UN | H91: 1 | I91: 680.09 | J91: 680.09
A92: Composição Auxiliar | B92: 97738 | C92: SINAPI | D92: PEÇA CIRCULAR PRÉ-MOLDADA, VOLUME DE CONCRETO DE 10 A 30 LITROS, TAXA DE FIBRA DE POLIPROPILENO APROXIMADA DE 6 KG/M³. AF_03/2024_PS | E92: Estruturas Pré-Fabricadas e Pré-Moldadas | G92: m³ | H92: 0.0221 | I92: 4389.5 | J92: 97
A93: Composição Auxiliar | B93: 88316 | C93: SINAPI | D93: SERVENTE COM ENCARGOS COMPLEMENTARES | E93: Livro SINAPI: Cálculos e Parâmetros | G93: H | H93: 0.5403 | I93: 23.58 | J93: 12.74
A94: Composição Auxiliar | B94: 5679 | C94: SINAPI | D94: RETROESCAVADEIRA SOBRE RODAS COM CARREGADEIRA, TRAÇÃO 4X4, POTÊNCIA LÍQ. 88 HP, CAÇAMBA CARREG. CAP. MÍN. 1 M3, CAÇAMBA RETRO CAP. 0,26 M3, PESO OPERACIONAL MÍN. 6.674 KG, PROFUNDIDADE ESCAVAÇÃO MÁX. 4,37 M - CHI DIURNO. AF_06/2014 | E94: Custos Horários Produtivo e Improdutivo dos Equipamentos | G94: CHI | H94: 0.2398 | I94: 75.23 | J94: 18.04
A95: Composição Auxiliar | B95: 5678 | C95: SINAPI | D95: RETROESCAVADEIRA SOBRE RODAS COM CARREGADEIRA, TRAÇÃO 4X4, POTÊNCIA LÍQ. 88 HP, CAÇAMBA CARREG. CAP. MÍN. 1 M3, CAÇAMBA RETRO CAP. 0,26 M3, PESO OPERACIONAL MÍN. 6.674 KG, PROFUNDIDADE ESCAVAÇÃO MÁX. 4,37 M - CHP DIURNO. AF_06/2014 | E95: Custos Horários Produtivo e Improdutivo dos Equipamentos | G95: CHP | H95: 0.1177 | I95: 170.74 | J95: 20.09
A96: Composição Auxiliar | B96: 100475 | C96: SINAPI | D96: ARGAMASSA TRAÇO 1:3 (EM VOLUME DE CIMENTO E AREIA MÉDIA ÚMIDA) COM ADIÇÃO DE IMPERMEABILIZANTE, PREPARO MECÂNICO COM BETONEIRA 400 L. AF_08/2019 | E96: Argamassas | G96: m³ | H96: 0.0339 | I96: 798.93 | J96: 27.08
A97: Composição Auxiliar | B97: 101623 | C97: SINAPI | D97: PREPARO DE FUNDO DE VALA COM LARGURA MENOR QUE 1,5 M, COM CAMADA DE BRITA, LANÇAMENTO MECANIZADO. AF_01/2026 | E97: Escoramento e Preparo de Fundo de Valas | G97: m³ | H97: 0.2535 | I97: 345.61 | J97: 87.61
A98: Composição Auxiliar | B98: 88309 | C98: SINAPI | D98: PEDREIRO COM ENCARGOS COMPLEMENTARES | E98: Livro SINAPI: Cálculos e Parâmetros | G98: H | H98: 0.6876 | I98: 31.67 | J98: 21.77
A99: Insumo | B99: 00043441 | C99: SINAPI | D99: ANEL EM CONCRETO ARMADO, LISO, PARA POCOS DE INSPECAO, COM FUNDO, DIAMETRO INTERNO DE 0,60 M E ALTURA DE 0,50 M | E99: Material | G99: UN | H99: 1 | I99: 177.73 | J99: 177.73
A100: Insumo | B100: 00012532 | C100: SINAPI | D100: ANEL EM CONCRETO ARMADO, LISO, PARA POCOS DE INSPECAO, SEM FUNDO, DIAMETRO INTERNO DE 0,60 M E ALTURA DE 0,50 M | E100: Material | G100: UN | H100: 1 | I100: 127.91 | J100: 127.91
A101: Insumo | B101: 00007258 | C101: SINAPI | D101: TIJOLO CERAMICO MACICO COMUM DE *5 X 10 X 20* CM (L X A X C) | E101: Material | G101: UN | H101: 11.7802 | I101: 0.61 | J101: 7.18
A102: Insumo | B102: 00043423 | C102: SINAPI | D102: ANEL EM CONCRETO ARMADO, LISO, PARA POCOS DE INSPECAO, SEM FUNDO, DIAMETRO INTERNO DE 0,60 M E ALTURA DE 0,20 M | E102: Material | G102: UN | H102: 1 | I102: 82.94 | J102: 82.94
E103: MO sem LS => | F103: 111.71 | G103: LS => | H103: 0 | I103: MO com LS => | J103: 111.71
E104: Valor do BDI => | F104: 141.79 | H104: Valor com BDI => | J104: 821.88
A106: 2.7 | B106: Código | C106: Banco | D106: Descrição | E106: Tipo | G106: Und | H106: Quant. | I106: Valor Unit | J106: Total
A107: Composição | B107: 98114 | C107: SINAPI | D107: TAMPA CIRCULAR PARA ESGOTO E DRENAGEM, EM FERRO FUNDIDO, DIÂMETRO INTERNO = 0,6 M. AF_12/2020 | E107: Caixas Enterradas | G107: UN | H107: 1 | I107: 530.33 | J107: 530.33
A108: Composição Auxiliar | B108: 88316 | C108: SINAPI | D108: SERVENTE COM ENCARGOS COMPLEMENTARES | E108: Livro SINAPI: Cálculos e Parâmetros | G108: H | H108: 0.9023 | I108: 23.58 | J108: 21.27
A109: Composição Auxiliar | B109: 88309 | C109: SINAPI | D109: PEDREIRO COM ENCARGOS COMPLEMENTARES | E109: Livro SINAPI: Cálculos e Parâmetros | G109: H | H109: 1.1484 | I109: 31.67 | J109: 36.36
A110: Composição Auxiliar | B110: 94970 | C110: SINAPI | D110: CONCRETO FCK = 20MPA, TRAÇO 1:2,7:3 (EM MASSA SECA DE CIMENTO/ AREIA MÉDIA/ BRITA 1) - PREPARO MECÂNICO COM BETONEIRA 600 L. AF_05/2021 | E110: Produção de Concreto | G110: m³ | H110: 0.0281 | I110: 551.72 | J110: 15.5
A111: Insumo | B111: 00011301 | C111: SINAPI | D111: TAMPAO FOFO ARTICULADO, COM BASE / REQUADRO, CLASSE B125 CARGA MAX 12,5 T, REDONDO, TAMPA 600 MM (COM INSCRICAO EM RELEVO DO TIPO DE REDE) | E111: Material | G111: UN | H111: 1 | I111: 457.2 | J111: 457.2
E112: MO sem LS => | F112: 44.61 | G112: LS => | H112: 0 | I112: MO com LS => | J112: 44.61
E113: Valor do BDI => | F113: 110.57 | H113: Valor com BDI => | J113: 640.9
A115: Composições Auxiliares
B116: Código | C116: Banco | D116: Descrição | E116: Tipo | G116: Und | H116: Quant. | I116: Valor Unit | J116: Total
A117: Composição | B117: 88238 | C117: SINAPI | D117: AJUDANTE DE ARMADOR COM ENCARGOS COMPLEMENTARES | E117: Livro SINAPI: Cálculos e Parâmetros | G117: H | H117: 1 | I117: 25.96 | J117: 25.96
A118: Composição Auxiliar | B118: 95308 | C118: SINAPI | D118: CURSO DE CAPACITAÇÃO PARA AJUDANTE DE ARMADOR (ENCARGOS COMPLEMENTARES) - HORISTA | E118: Livro SINAPI: Cálculos e Parâmetros | G118: H | H118: 1 | I118: 0.21 | J118: 0.21
A119: Insumo | B119: 00037372 | C119: SINAPI | D119: EXAMES - HORISTA (COLETADO CAIXA - ENCARGOS COMPLEMENTARES) | E119: Encargos Complementares | G119: H | H119: 1 | I119: 1.57 | J119: 1.57
A120: Insumo | B120: 00037370 | C120: SINAPI | D120: ALIMENTACAO - HORISTA (COLETADO CAIXA - ENCARGOS COMPLEMENTARES) | E120: Encargos Complementares | G120: H | H120: 1 | I120: 2.41 | J120: 2.41
...

Sheet Cronograma
B3: CRONOGRAMA FÍSICO-FINANCEIRO
B4: ='Orçamento Sintético'!A2 -> Objetivo | C4: ='Orçamento Sintético'!B2 -> Ampliação do Sistema de Esgotamento Sanitário
B5: ='Orçamento Sintético'!A3 -> Obras | C5: ='Orçamento Sintético'!B3 -> Construção de Rede Interceptora no Município de Sacramento/MG | F5: ='Orçamento Sintético'!F4 -> BDI | G5: ='Orçamento Sintético'!G4 -> 0.2085
B6: ='Orçamento Sintético'!A4 -> Bancos | C6: ='Orçamento Sintético'!B4 -> SINAPI - 03/2026 - Minas Gerais, SICRO3 - 01/2026 - Minas Gerais | F6: ='Orçamento Sintético'!I4 -> Valor | G6: ='Orçamento Sintético'!J4 -> 898894.57
B7: Item | C7: Descrição | D7: Total Por Etapa | E7: 30 DIAS | F7: 60 DIAS | G7: 90 DIAS
B8: 1 | C8: SERVIÇOS PRELIMINARES | D8: 100,00% | E8: 0.4 | F8: 0.4 | G8: 0.2
D9: 71193.89 | E9: =E8*$D$9 -> 28477.556 | F9: =F8*$D$9 -> 28477.556 | G9: =G8*$D$9 -> 14238.778
B10: 2 | C10: REDE INTERCEPTORA | D10: 100,00% | E10: 0.4 | F10: 0.4 | G10: 0.2
D11: 827700.68 | E11: =E10*$D$11 -> 331080.27 | F11: =F10*$D$11 -> 331080.27 | G11: =G10*$D$11 -> 165540.14
C12: TOTAL | D12: =D9+D11 -> 898894.57 | E12: =E9+E11 -> 359557.83 | F12: =E12+F9+F11 -> 719115.66 | G12: =F12+G9+G11 -> 898894.57
D13: 1 | E13: =E12/$D$12 -> 0.4 | F13: =F12/$D$12 -> 0.8 | G13: =G12/$D$12 -> 1

Sheet Composição BDI
A1: COMPOSIÇÃO BDI
A2: Objetivo | B2: Ampliação do Sistema de Esgotamento Sanitário
A3: Obras | B3: Construção de Rede Interceptora no Município de Sacramento/MG
A4: Bancos | B4: SINAPI - 03/2026 - Minas Gerais, SICRO3 - 01/2026 - Minas Gerais
A5: GRUPO A | B5: TAXA ADMINISTRATIVA DA ADMINISTRAÇÃO CENTRAL
A6: 1 | B6: Administração Central | L6: 3,43%
B7: Total do Grupo | L7: 3,43%
A8: GRUPO B | B8: TAXA REPRESENTATIVA DOS RISCOS
A9: 1 | B9: Riscos | L9: 1,00%
B10: Total do Grupo | L10: 1,00%
A11: GRUPO C | B11: TAXA REPRESENTATIVA SEGURO GARANTIA
A12: 1 | B12: Risco | L12: 0,28%
B13: Total do Grupo | L13: 0,28%
A14: GRUPO D | B14: TAXA REPRESENTATIVA DAS DESPESAS FINANCEIRAS
A15: 1 | B15: Despesas Financeiras | L15: 0,94%
B16: Total do Grupo | L16: 0,94%
A17: GRUPO E | B17: TAXA REPRESENTATIVA DO LUCRO
A18: 1 | B18: Lucro | L18: 6,74%
B19: Total do Grupo | L19: 6,74%
A20: GRUPO F | B20: TAXA REPRESENTATIVA DA INCIDÊNCIA DOS IMPOSTOS ( SOBRE O FATURAMENTO DA EMPRESA )
A21: 1 | B21: ISS (IMPOSTO SOBRE SERVIÇOS) - MUNICIPAL | L21: 3,00%
A22: 2 | B22: COFINS - FEDERAL | L22: 3,00%
A23: 3 | B23: PIS (PROGRAMA DE INTREGRAÇÃO SOCIAL) - FEDERAL | L23: 0,65%
A24: 4 | B24: CRB -CONTRIBUIÇÂO INSS (DESONERAÇÂO) | L24: 0,00%
B25: Total do Grupo | L25: 6,65%
A27: FÓRMULA PARA O CÁLCULO DO BDI | I27: (((1+A+B+C)*(1+D)*(1+E)/(1-F))-1)
A28: Bonificação sobre despesas indiretas (B.D.I)= | L28: 0.2085

Sheet Orçamento Sintético
A1: PREFEITURA MUNICIPAL DE SACRAMENTO
A2: Objetivo | B2: Ampliação do Sistema de Esgotamento Sanitário | N2: Encargos Sociais Desonerado: embutido nos preços unitário dos insumos de mão de obra, de acordo com as bases.
A3: Obras | B3: Construção de Rede Interceptora no Município de Sacramento/MG
A4: Bancos | B4: SINAPI - 03/2026 - Minas Gerais, SICRO3 - 01/2026 - Minas Gerais | F4: BDI | G4: 0.2085 | I4: Valor | J4: =I7+I10 -> 898894.57
A5: PLANILHA ORÇAMENTÁRIA
A6: Item | B6: Código | C6: Banco | D6: Descrição | E6: Und | F6: Quant. | G6: Valor Unit | H6: Valor Unit com BDI | I6: Total | J6: Peso (%) | O6: SINAPI - 03/2026 - Minas Gerais
A7: 1 | D7: SERVIÇOS PRELIMINARES | F7: 1 | H7: =I8 + I9 -> 71193.89 | I7: =TRUNC(F7 * H7,2) -> 71193.89 | J7: =I7 / J4 -> 0.079201602 | O7: SICRO3 - 01/2026 - Minas Gerais
A8: 1.1 | B8: 103689 | C8: SINAPI | D8: FORNECIMENTO E INSTALAÇÃO DE PLACA DE OBRA COM CHAPA GALVANIZADA E ESTRUTURA DE MADEIRA. AF_03/2022_PS | E8: m² | F8: 6.48 | G8: 362.93 | H8: =TRUNC(TRUNC(G8 * G4, 2) + G8, 2) -> 438.6 | I8: 2842.13 | J8: =I8 / J4 -> 0.0031618057
A9: 1.2 | B9: COMP01 | C9: Próprio | D9: ADMINISTRAÇÃO LOCAL | E9: MÊS | F9: 3 | G9: 18853.06 | H9: =TRUNC(TRUNC(G9 * G4, 2) + G9, 2) -> 22783.92 | I9: =TRUNC(F9 * H9,2) -> 68351.76 | J9: =I9 / J4 -> 0.076039796
A10: 2 | D10: REDE INTERCEPTORA | F10: 1 | H10: =I11 + I12 + I13 + I14 + I15 + I16 + I17 -> 827700.68 | I10: =TRUNC(F10 * H10,2) -> 827700.68 | J10: =I10 / J4 -> 0.9207984 | N10: 1º | O10: 2º | P10: 3º
A11: 2.1 | B11: 102322 | C11: SINAPI | D11: ESCAVAÇÃO MECANIZADA DE VALA COM PROF. ATÉ 1,5 M (MÉDIA MONTANTE E JUSANTE/UMA COMPOSIÇÃO POR TRECHO), RETROESCAV. (0,26 M3), LARG. MENOR QUE 0,8 M, EM SOLO DE 2A CATEGORIA, EM LOCAIS COM ALTO NÍVEL DE INTERFERÊNCIA. AF_09/2024 | E11: m³ | F11: 2592.36 | G11: 21.7 | H11: =TRUNC(TRUNC(G11 * G4, 2) + G11, 2) -> 26.22 | I11: 67971.68 | J11: =I11 / J4 -> 0.075616966
A12: 2.2 | B12: 101616 | C12: SINAPI | D12: PREPARO DE FUNDO DE VALA COM LARGURA MENOR QUE 1,5 M (ACERTO DO SOLO NATURAL), EM LOCAL COM NÍVEL BAIXO DE INTERFERÊNCIA. AF_01/2026 | E12: m² | F12: 768 | G12: 8.33 | H12: 10.07 | I12: =TRUNC(F12 * H12,2) -> 7733.76 | J12: =I12 / J4 -> 0.0086036341
A13: 2.3 | B13: 93378 | C13: SINAPI | D13: REATERRO MECANIZADO DE VALA COM RETROESCAVADEIRA (CAPACIDADE DA CAÇAMBA DA RETRO: 0,26 M³/POTÊNCIA: 88 HP), LARGURA ATÉ 0,8 M, PROFUNDIDADE ATÉ 1,5 M, COM SOLO (SEM SUBSTITUIÇÃO) DE 1ª CATEGORIA, COM COMPACTADOR DE SOLOS DE PERCUSSÃO. AF_08/2023 | E13: m³ | F13: 2411.5 | G13: 27.77 | H13: =TRUNC(TRUNC(G13 * G4, 2) + G13, 2) -> 33.56 | I13: =TRUNC(F13 * H13,2) -> 80929.94 | J13: =I13 / J4 -> 0.090032739 | N13: 0.4 | O13: 0.4 | P13: 0.2
A14: 2.4 | B14: 90708 | C14: SINAPI | D14: TUBO DE PEAD CORRUGADO DE DUPLA PAREDE PARA REDE COLETORA DE ESGOTO, DN 600 MM, JUNTA ELÁSTICA INTEGRADA - FORNECIMENTO E ASSENTAMENTO. AF_01/2021 | E14: M | F14: 640 | G14: 777.32 | H14: =TRUNC(TRUNC(G14 * G4, 2) + G14, 2) -> 939.39 | I14: =TRUNC(F14 * H14,2) -> 601209.6 | J14: =I14 / J4 -> 0.66883216
A15: 2.5 | B15: 98008 | C15: SINAPI | D15: BASE PARA POÇO DE VISITA RETANGULAR PARA ESGOTO, EM ALVENARIA COM BLOCOS DE CONCRETO, DIMENSÕES INTERNAS = 1,5X1,5 M, PROFUNDIDADE = 1,45 M, EXCLUINDO TAMPÃO . AF_12/2020 | E15: UN | F15: 10 | G15: 4569.95 | H15: =TRUNC(TRUNC(G15 * G4, 2) + G15, 2) -> 5522.78 | I15: =TRUNC(F15 * H15,2) -> 55227.8 | J15: =I15 / J4 -> 0.061439686
A16: 2.6 | B16: 97975 | C16: SINAPI | D16: POÇO DE INSPEÇÃO CIRCULAR PARA ESGOTO, EM CONCRETO PRÉ-MOLDADO, DIÂMETRO INTERNO = 0,60 M, PROFUNDIDADE = 1,40 M, EXCLUINDO TAMPÃO. AF_12/2020 | E16: UN | F16: 10 | G16: 680.09 | H16: 821.89 | I16: =TRUNC(F16 * H16,2) -> 8218.9 | J16: =I16 / J4 -> 0.0091433415
A17: 2.7 | B17: 98114 | C17: SINAPI | D17: TAMPA CIRCULAR PARA ESGOTO E DRENAGEM, EM FERRO FUNDIDO, DIÂMETRO INTERNO = 0,6 M. AF_12/2020 | E17: UN | F17: 10 | G17: 530.33 | H17: =TRUNC(TRUNC(G17 * G4, 2) + G17, 2) -> 640.9 | I17: =TRUNC(F17 * H17,2) -> 6409 | J17: =I17 / J4 -> 0.0071298684
A18: VALOR TOTAL | J18: =I10+I7 -> 898894.57
